 Dungeon Crawl Stone Soup version 0.31-a0-188-g5e087ee2ca (webtiles) character file.

Game seed: 16022597434704058998

237 qw the Skirmisher (level 5, 0/30 HPs)
             Began as a Deep Elf Hunter on June 22, 2023.
             Slain by an iguana (9 damage)
             ... on level 4 of the Dungeon.
             The game lasted 00:01:06 (2768 turns).

qw the Skirmisher (Deep Elf Hunter)                 Turns: 2768, Time: 00:01:06

Health: 0/30       AC:  8    Str: 12    XL:     5   Next: 77%
Magic:  7/7        EV: 11    Int: 14    God:
Gold:   116        SH:  5    Dex: 13    Spells: 4/4 levels left

rFire   . . .        Y - +2 shortbow
rCold   . . .        (shield currently unavailable)
rNeg    . . .        g - +0 ring mail
rPois   +            (no helmet)
rElec   .            h - +0 cloak
rCorr   .            f - +0 pair of gloves
SInv    .            c - +0 pair of boots
Will    .....        b - amulet "Yqualeidd" {Reflect rPois Str+2 Dex-5 SH+5}
Stlth   +            (no ring)
HPRegen 0.25/turn    (no ring)
MPRegen 0.10/turn

%: reflection
@: no status effects
A: no striking features
a: no special abilities


You were on level 4 of the Dungeon.
You visited 1 branch of the dungeon, and saw 4 of its levels.

You collected 226 gold pieces.
You spent 110 gold pieces at shops.


   Skills:
 + Level 1.7 Fighting
 - Level 9.0 Ranged Weapons
 - Level 1.1 Armour
 - Level 2.4 Dodging
 - Level 1.2 Stealth


You had 4 spell levels left.
You didn't know any spells.
Your spell library was empty.

Inventory:

Hand Weapons
 Y - a +2 shortbow (weapon)
Armour
 c - a +0 pair of boots (worn)
 f - a +0 pair of gloves (worn)
 g - a +0 ring mail (worn)
 h - a +0 cloak (worn)
Jewellery
 b - the amulet "Yqualeidd" (around neck) {Reflect rPois Str+2 Dex-5 SH+5}
   (You found it on level 2 of the Dungeon)

   [amulet of reflection]

   It reflects blocked missile attacks.
   Str:       It affects your strength (+2).
   Dex:       It affects your dexterity (-5).
   rPois:     It protects you from poison.
   SH:        It affects your SH (+5).
Scrolls
 a - 6 scrolls of identify
Potions
 d - 2 potions of mutation
 e - 3 potions of curing
 j - a potion of heal wounds

Dungeon Overview and Level Annotations

Branches:
Dungeon (4/15)
 Temple: D:4-7

Altars:

Shops:
D:1 *   D:3 ?


Message History

Enter note:
Enter note:
Enter note:
Enter note: An iguana and an adder come into view.
The adder hisses angrily.
Enter note:
Enter note:
Enter note:
Enter note: You shoot an arrow.
The iguana hisses angrily.
The arrow hits the adder!
The adder is severely wounded.
You shoot an arrow. The arrow closely misses the adder.
You shoot an arrow. The arrow misses the adder.
The arrow hits the iguana.
The iguana is lightly wounded.
You shoot an arrow. The arrow barely misses the adder.
The arrow hits the iguana but does no damage.
The iguana is lightly wounded.
The adder bites you but does no damage.
You shoot an arrow. The arrow hits the adder!
You kill the adder!
You shoot an arrow. The arrow hits the iguana!
The iguana is severely wounded.
You shoot an arrow. The arrow hits the iguana.
The iguana is almost dead.
The iguana bites you!
You shoot an arrow. The arrow barely misses the iguana.
You block the iguana's attack. The iguana bites you!
You shoot an arrow. The arrow hits the iguana.
The iguana is almost dead.
The iguana barely misses you.
You shoot an arrow. The arrow closely misses the iguana.
The iguana bites you but does no damage.
You shoot an arrow.
The arrow hits the iguana but does no damage.
The iguana is almost dead.
The iguana bites you!
You die...

####### #### #.....#
....##########.###.#####
..................>....
...........##.###..####
#........+..# #..#
#........#### #..#
####.....(..# #..#
.......@....# #..#
......l###### #..#
......( ...# # ....... #
....... #.# .......
#..##.# ....!.. #..##.#
.....#. #..##.# #..##.#


You could see an iguana.

Vanquished Creatures
  A scorpion (D:4)
  A hound (D:4)
  5 adders
  2 dart slugs
  2 worms
  6 orcs
  3 bats
  7 endoplasms
  4 giant cockroaches
  8 goblins
  7 hobgoblins
  6 jackals (D:4)
  5 quokkas
  8 ball pythons
  5 frilled lizards
  8 kobolds
  7 rats
85 creatures vanquished.

Notes
Turn   | Place    | Note
-------+----------+-------------------------------------------
     0 | D:1      | qw the Deep Elf Hunter began the quest for the Orb.
     0 | D:1      | Reached XP level 1. HP: 12/12 MP: 3/3
     0 | D:1      | 0 ||| qw: Version: 0.3-a-9-g12657ce
     0 | D:1      | 0 ||| qw: Game counter: 2745
     0 | D:1      | 0 ||| qw: Always use a shield: true
     0 | D:1      | 0 ||| qw: God list: Okawaru
     0 | D:1      | 0 ||| qw: Allow faded altars: false
     0 | D:1      | 0 ||| qw: Do Orc after D:15 true
     0 | D:1      | 0 ||| qw: Do second Lair branch before Depths: true
     0 | D:1      | 0 ||| qw: Lair rune preference: random
     0 | D:1      | 0 ||| qw: Plans: Normal
     0 | D:1      | 0 ||| PLANNING D:1-11
     2 | D:1      | Found Rudiofal's Assorted Antiques.
    22 | D:1      | 22 ||| SHOPLISTING blackened emerald amulet (150 gold, have
                  | 10).
    22 | D:1      | 22 ||| SHOPLISTING bubbling silvery potion (27 gold, have
                  | 10).
    22 | D:1      | 22 ||| SHOPLISTING emerald potion (27 gold, have 10).
    22 | D:1      | 22 ||| SHOPLISTING runed ring mail (210 gold, have 10).
    22 | D:1      | 22 ||| SHOPLISTING scroll labelled NYWNUTT RICIAH (30 gold,
                  | have 10).
    22 | D:1      | 22 ||| SHOPLISTING scroll labelled YTALUN PEXUVOM (30 gold,
                  | have 10).
    30 | D:1      | Reached XP level 2. HP: 14/16 MP: 4/4
    33 | D:1      | Reached skill level 6 in Ranged Weapons
   556 | D:1      | 556 ||| UPGRADING to +0 ring mail.
   566 | D:1      | 566 ||| DROPPING +0 leather armour.
   567 | D:1      | 567 ||| READING 2 scrolls labelled YTALUN PEXUVOM.
   568 | D:1      | 568 ||| READING scroll labelled RISAINKE ZYSS.
   569 | D:1      | 569 ||| DROPPING scroll of butterflies.
   620 | D:2      | Reached XP level 3. HP: 20/20 MP: 5/5
   726 | D:2      | Identified the amulet "Yqualeidd" {Reflect rPois Str+2
                  | Dex-5 SH+5}
   740 | D:2      | 740 ||| READING scroll of enchant weapon.
   740 | D:2      | 740 ||| ENCHANTING +1 shortbow.
   761 | D:2      | Reached skill level 7 in Ranged Weapons
  1386 | D:2      | 1386 ||| UPGRADING to +0 pair of gloves.
  1391 | D:2      | 1391 ||| UPGRADING to +0 cloak.
  1396 | D:2      | 1396 ||| UPGRADING to amulet "Yqualeidd" {Reflect rPois
                  | Str+2 Dex-5 SH+5}.
  1401 | D:2      | 1401 ||| READING scroll labelled KONKEI TYUS.
  1402 | D:2      | 1402 ||| READING scroll labelled XOJYSA ILUETO.
  1440 | D:2      | 1440 ||| READING scroll labelled TACLESIKIM.
  1441 | D:2      | 1441 ||| DRINKING 2 inky potions.
  1442 | D:2      | 1442 ||| DRINKING 3 viscous white potions.
  1443 | D:2      | 1443 ||| READING 3 scrolls of identify.
  1443 | D:2      | 1443 ||| IDENTIFYING lumpy cyan potion
  1444 | D:2      | 1444 ||| READING 2 scrolls of identify.
  1444 | D:2      | 1444 ||| IDENTIFYING glowing amethyst potion
  1445 | D:2      | 1445 ||| DROPPING potion of invisibility.
  1446 | D:2      | 1446 ||| DROPPING 2 potions of degeneration.
  1576 | D:3      | Reached XP level 4. HP: 25/25 MP: 6/6
  1913 | D:3      | Found Dibiruc's Magic Scroll Shoppe.
  1918 | D:3      | 1918 ||| BUYING 2 scrolls of identify (44 gold).
  1918 | D:3      | Bought 2 scrolls of identify for 44 gold pieces
  1918 | D:3      | 1918 ||| BUYING scroll of identify (22 gold).
  1918 | D:3      | Bought a scroll of identify for 22 gold pieces
  1918 | D:3      | 1918 ||| BUYING scroll of identify (22 gold).
  1918 | D:3      | Bought a scroll of identify for 22 gold pieces
  1918 | D:3      | 1918 ||| BUYING scroll of identify (22 gold).
  1918 | D:3      | Bought a scroll of identify for 22 gold pieces
  1971 | D:3      | Reached skill level 8 in Ranged Weapons
  2277 | D:3      | 2277 ||| UPGRADING to +0 pair of boots.
  2282 | D:3      | 2282 ||| READING scroll labelled QIUDAKHU ZIEMM.
  2285 | D:3      | 2285 ||| READING 7 scrolls of identify.
  2285 | D:3      | 2285 ||| IDENTIFYING coppery potion
  2286 | D:3      | 2286 ||| READING 6 scrolls of identify.
  2286 | D:3      | 2286 ||| IDENTIFYING white potion
  2287 | D:3      | 2287 ||| DROPPING potion of attraction.
  2410 | D:4      | Noticed a scorpion
  2415 | D:4      | Killed a scorpion
  2416 | D:4      | Reached XP level 5. HP: 29/29 MP: 7/7
  2585 | D:4      | Reached skill level 9 in Ranged Weapons
  2692 | D:4      | Reached skill level 1 in Armour
  2768 | D:4      | Slain by an iguana

Levels and vault maps discovered:
D:1:      lightli_arrival_statuegarden, layout_basic, serial_shops, shop
D:2:      minmay_door_path, layout_loops_ring, minmay_tetromino_t4
D:3:      layout_loops_corners, serial_shops, nicolae_shop_hallway_plus
D:4:      layout_basic, minmay_temple_entry_arrows

Skill      XL: |  1  2  3  4  5 |
---------------+----------------+-----
Ranged Weapons | 6 7 8 9 |  9.0
Armour         | 1 |  1.1
Fighting       | |  1.7
Dodging        | |  2.4
Stealth        | |  1.2

Action                     |  1- 3 |  4- 6 || total
---------------------------+-------+-------++-------
   Fire: Shortbow          |   120 |   132 ||   252
    Use: Scroll            |     8 |     3 ||    11
         Potion            |     2 |       ||     2
 Armour: Leather armour    |     4 |       ||     4
         Ring mail         |    10 |    30 ||    40
  Dodge: Dodged            |    20 |    26 ||    46
  Block: Other             |       |    16 ||    16

Table legend:
 A = Non-vault XP
 B = Vault XP
 C = Vault XP percentage of total XP
 D = Non-vault monster count
 E = Vault monster count
 F = Vault count percentage of total count
                 A         B        C        D         E       F
            +---------+---------+-------+---------+---------+-------
      Total |     330 |       9 |   2.7 |      79 |       6 |   7.1
            +---------+---------+-------+---------+---------+-------
        D:1 |      37 |       0 |   0.0 |      22 |       0 |   0.0
        D:2 |      37 |       9 |  19.6 |      21 |       6 |  22.2
        D:3 |      75 |       0 |   0.0 |      19 |       0 |   0.0
        D:4 |     181 |       0 |   0.0 |      17 |       0 |   0.0
            +---------+---------+-------+---------+---------+-------
